 Dungeon Crawl Stone Soup version 0.29.1-15-g9cfb28693d (webtiles) character file.

Game seed: 16435347136419545838

1921 BuddhaDhamma the Cleaver (level 8, -2/96 HPs)
             Began as a Minotaur Berserker on Mar 22, 2023.
             Was a Priest of Trog.
             Succumbed to a redback's poison
             ... on level 5 of the Dungeon.
             The game lasted 00:07:13 (4395 turns).

BuddhaDhamma the Cleaver (Minotaur Berserker)       Turns: 4395, Time: 00:07:13

Health: -2/96      AC: 20    Str: 30    XL:     8   Next: 96%
Magic:  7/7        EV:  9    Int:  4    God:    Trog [***...]
Gold:   180        SH:  0    Dex: 10    Spells: 7/7 levels left

rFire   . . .      SeeInvis .   A - +2 war axe (protect)
rCold   . . .      Faith    .   (no shield)
rNeg    . . .      Spirit   .   g - +0 chain mail
rPois   .          Reflect  .   (helmet restricted)
rElec   .          Harm     .   v - +0 cloak
rCorr   .          Rampage  .   (no gloves)
Will    .....                   (no boots)
Stlth   ..........              (no amulet)
HPRegen 0.26/turn               h - +4 ring of protection
MPRegen 0.10/turn               m - +6 ring of strength

@: berserking, lethally poisoned (-2 -> -36), under a protective aura, very
quick
A: horns 2, retaliatory headbutt
a: Renounce Religion, Berserk, Trog's Hand


You were on level 5 of the Dungeon.
You worshipped Trog.
Trog was most pleased with you.
You visited 1 branch of the dungeon, and saw 6 of its levels.

You collected 180 gold pieces.

Inventory:

Hand Weapons
 A - a +2 war axe of protection (weapon)
Armour
 g - a +0 chain mail (worn)
 v - a +0 cloak (worn)
Jewellery
 h - a +4 ring of protection (left hand)
 i - a ring of poison resistance
 m - a +6 ring of strength (right hand)
Wands
 n - a wand of polymorph (3)
 t - a wand of charming (4)
 x - a wand of mindburst (18)
 y - a wand of roots (11)
Scrolls
 c - a scroll of identify
 d - a scroll of poison {unknown}
 e - a scroll of immolation
Potions
 a - a potion of cancellation {unknown}
 b - a potion of mutation {unknown}
 f - a potion of curing {unknown}
 j - 2 potions of ambrosia {unknown}
 k - a potion of might {unknown}
 q - 3 potions of haste {unknown}
 r - 3 potions of heal wounds
 u - a potion of lignification {unknown}
 z - a potion of flight {unknown}
 B - a potion of attraction {unknown}


   Skills:
 - Level 3.6 Fighting
 + Level 14.1 Axes
 - Level 2.4 Armour
 - Level 2.1 Dodging


You had 7 spell levels left.
You didn't know any spells.
Your spell library was empty.

Dungeon Overview and Level Annotations

Branches:
Dungeon (6/15)             Temple (0/1) D:4

Altars:

Annotations:
D:5 2 runed translucent doors


Innate Abilities, Weirdness & Mutations

You have a pair of horns on your head.
You reflexively headbutt those who attack you in melee.


Message History

The water moccasin is moderately wounded.
You hit the scorpion. You slash the water moccasin!
You kill the water moccasin!
Trog accepts your kill.
* * * LOW HITPOINT WARNING * * *
You feel very sick. The scorpion barely misses you. You furiously retaliate!
You headbutt the scorpion!
You kill the scorpion!
Trog accepts your kill. The water moccasin closely misses you.
You furiously retaliate!
You headbutt the water moccasin! You slice the water moccasin!!
You feel the power of Trog in you as your rage grows.
You kill the water moccasin!
Trog accepts your kill.
You slash the adder!
You kill the adder!
Trog accepts your kill.
You slash the scorpion!
* * * LOW HITPOINT WARNING * * *
You feel very sick.
The scorpion stings you but does no damage.
Your Axes skill increases to level 14!
* * * LOW HITPOINT WARNING * * *
You feel very sick. The scorpion barely misses you. You furiously retaliate!
You headbutt the scorpion!
The scorpion stings you but does no damage.
There is an open translucent gate, spattered with blood here.
Things that are here:
a water moccasin corpse; a scorpion corpse; a scorpion corpse You slice the scorpion!!
You feel the power of Trog in you as your rage grows.
You kill the scorpion!
Trog accepts your kill.
You slash the scorpion!
You kill the scorpion!
Trog accepts your kill.
You die...

###.#######.# #.# #
#...........# #.# #
#...######..###.######
#..##....##..##.......
#..#.....+##..########
#.##.....#.##...####
#.#..$..##..###....###
#.###†###yy...####....
#....@[)#yyy.yy+)####.
#.###†###yy..y####....
#.#.....##yy###....###
#.##.....#y##...####
#..#.....+##...##
#..##....##..#.#
#...######..#..#
#..........##.##
##.#.......[..#


You could see 7 killer bees.

Vanquished Creatures
  Grinder (D:3)
  A redback (D:5)
  Edmund (D:4)
  4 water moccasins (D:5)
  11 scorpions (D:5)
  A necrophage (D:5)
  A jelly (D:5)
  A hound (D:5)
  A gnoll bouda (D:4)
  An orc priest (D:4)
  Ijyb (D:3)
  Natasha (twice) (D:3)
  13 gnolls
  6 adders
  3 worms
  3 dart slugs
  8 orcs
  7 endoplasms
  3 giant cockroaches
  4 goblins (D:2)
  6 hobgoblins
  7 jackals
  2 quokkas (D:2)
  3 ball pythons
  3 bats (D:1)
  4 frilled lizards
  8 kobolds
  4 rats
110 creatures vanquished.

Notes
Turn   | Place    | Note
-------+----------+-------------------------------------------
     0 | D:1      | BuddhaDhamma the Minotaur Berserker began the quest for the
                  | Orb.
     0 | D:1      | Reached XP level 1. HP: 19/19 MP: 0/0
   173 | D:1      | Reached skill level 4 in Axes
   200 | D:1      | Found a faded altar of an unknown god.
   310 | D:1      | Reached XP level 2. HP: 26/26 MP: 1/1
   834 | D:2      | Reached skill level 5 in Axes
   834 | D:2      | Reached XP level 3. HP: 26/31 MP: 2/2
   947 | D:2      | Identified the +1 ring mail of the Arcane {Int-2 Dex+7}
  1038 | D:2      | Reached ** piety under Trog
  1389 | D:2      | Reached skill level 6 in Axes
  1389 | D:2      | Reached XP level 4. HP: 36/39 MP: 3/3
  1580 | D:3      | Noticed Grinder
  1592 | D:3      | Killed Grinder
  1593 | D:3      | Reached skill level 8 in Axes
  1593 | D:3      | Reached XP level 5. HP: 25/45 MP: 4/4
  1838 | D:3      | Reached XP level 6. HP: 48/51 MP: 5/5
  1876 | D:3      | You fall into a shaft and drop 3 floors!
  1910 | D:5      | Entered Level 5 of the Dungeon
  1965 | D:4      | Noticed Edmund
  1984 | D:4      | Killed Edmund
  1985 | D:4      | Reached skill level 9 in Axes
  1989 | D:4      | Reached XP level 7. HP: 44/57 MP: 6/6
  2292 | D:3      | Noticed Ijyb
  2323 | D:3      | Killed Ijyb
  2387 | D:3      | Noticed Natasha
  2392 | D:3      | Killed Natasha
  2564 | D:3      | Noticed Natasha
  2570 | D:3      | Killed Natasha
  2570 | D:3      | Reached *** piety under Trog
  2571 | D:3      | Reached skill level 10 in Axes
  3110 | D:4      | Found a staircase to the Ecumenical Temple.
  3874 | D:5      | Found a runed translucent door.
  3880 | D:5      | Reached skill level 11 in Axes
  3900 | D:5      | Found a runed translucent gate.
  3902 | D:5      | Found a runed translucent gate.
  3902 | D:5      | Found a runed translucent gate.
  3904 | D:5      | Noticed a redback
  3911 | D:5      | Found a runed translucent door.
  4135 | D:5      | Found the +9 staff of Olgreb {rPois∞}
  4380 | D:5      | Reached XP level 8. HP: 64/64 MP: 7/7
  4383 | D:5      | Reached skill level 12 in Axes
  4389 | D:5      | Reached skill level 13 in Axes
  4394 | D:5      | Reached skill level 14 in Axes
  4394 | D:5      | HP: 2/96 [poisoned by a redback]
  4395 | D:5      | Succumbed to a redback's poison

Illustrated notes

Levels and vault maps discovered:
D:1:      minmay_arrival_five_plusses, layout_loops_ring,
          chequers_ecumenical_altar_island
D:2:      layout_loops_cross
D:3:      layout_basic, uniq_grinder, uniq_natasha, uniq_ijyb
D:4:      layout_loops_ring, minmay_temple_entry_arrows, uniq_edmund
D:5:      layout_loops_ring, minmay_guarded_unrand_staff_of_olgreb
D:6:      layout_basic

Skill      XL: |  1  2  3  4  5  6  7  8 |
---------------+-------------------------+-----
Axes           | 4 5 6 8 9 11 14 | 14.1
Fighting       | |  3.6
Armour         | |  2.4
Dodging        | |  2.1

Action                   |  1- 3 |  4- 6 |  7- 9 || total
-------------------------+-------+-------+-------++-------
Melee: Hand axe          |    88 |    45 |    53 ||   186
       Headbutt          |    11 |     9 |    17 ||    37
       War axe           |       |       |    57 ||    57
       Punch             |       |       |     2 ||     2
Invok: Berserk           |       |     1 |     1 ||     2
  Use: Scroll            |       |       |    11 ||    11
Armor: Scale mail        |    12 |       |       ||    12
       Chain mail        |    28 |    22 |    52 ||   102
Dodge: Dodged            |    35 |    24 |    41 ||   100
